Map: Dusk Towers

Players

Miszu

  • Race: Protoss Protoss
  • League: Master

Zan - Winner!

  • Race: Terran Terran
  • League: Master

VOD

Have the link to the VOD?

Description

Time

  • Played on: April 3, 2016, 5:59 p.m.
  • Length: 8:39
Show
View Real Time Build Order
Export as new Build Order

Miszu Protoss 

Build Orders: 1 Gate Expand 

Get SALT Encoding   

  12  0:01  Probe (Chrono Boost)  
  13  0:11  Probe (Chrono Boost)  
  14  0:20  Pylon  
  14  0:22  Probe (Chrono Boost)  
  15  0:38  Probe (Chrono Boost)  
  15  0:40  Gateway  
  16  0:48  Probe (Chrono Boost)  
  17  1:08  Nexus  
  17  1:16  Probe (Chrono Boost)  
  17  1:18  Assimilator  
  18  1:24  Assimilator  
  18  1:32  Cybernetics Core  
  18  1:36  Probe (Chrono Boost)  
  19  1:44  Pylon  
  20  1:47  Probe (Chrono Boost)  
  20  1:57  Probe (Chrono Boost)  
  21  2:08  Probe (Chrono Boost)  
  22  2:09  Adept (Chrono Boost), Warp Gate  
  24  2:18  Probe  
  26  2:27  Mothership Core  
  26  2:28  Probe  
  27  2:36  Adept (Chrono Boost)  
  30  2:39  Probe  
  31  2:48  Probe  
  31  2:50  Probe  
  32  3:00  Probe  
  33  3:10  Probe  
  33  3:12  Probe  
  35  3:16  Robotics Facility  
  35  3:20  Probe  
  35  3:24  Probe  
  37  3:29  Twilight Council  
  37  3:31  Probe  
  38  3:36  Probe  
  39  3:41  Probe  
  39  3:46  Gateway  
  39  3:48  Gateway, Probe  
  40  3:51  Pylon  
  40  3:52  Probe  
  42  4:00  Probe  
  43  4:03  Observer (Chrono Boost), Probe  
  43  4:06  Blink  
  45  4:12  Probe  
  45  4:13  Probe  
  47  4:22  Nexus  
  47  4:24  Probe  
  47  4:25  Probe  
  47  4:29  Assimilator  
  47  4:30  Assimilator  
  49  4:35  Observer (Chrono Boost)  
  49  4:38  Stalker  
  52  4:42  Pylon  
  52  4:43  Probe  
  52  4:44  Probe  
  54  4:51  Pylon  
  54  4:59  Probe  
  54  5:00  Probe  
  54  5:01  Observer (Chrono Boost), Pylon  
  54  5:03  Stalker  
  54  5:04  Stalker  
  61  5:09  Probe  
  61  5:12  Probe  
  62  5:20  Probe  
  62  5:25  Probe  
  64  5:29  Forge, Stalker  
  64  5:30  Probe  
  64  5:31  Forge  
  64  5:35  Probe  
  67  5:37  Probe  
  67  5:41  Probe  
  69  5:45  Probe  
  69  5:49  Probe  
  72  5:50  Stalker  
  72  5:51  Probe  
  72  5:53  Pylon  
  72  5:56  Stalker, Probe  
  77  6:01  Probe  
  77  6:02  Pylon, Probe  
  80  6:04  Stalker  
  80  6:06  Probe  
  80  6:10  Immortal (Chrono Boost)  
  87  6:13  Probe x2  
  89  6:20  Stalker x2  
  89  6:24  Pylon  
  71  6:44  Probe x2  
  71  6:45  Probe  
  68  6:55  Probe x2  
  68  6:57  Probe  
  75  7:01  Immortal (Chrono Boost)  
  75  7:05  Probe x2  
  77  7:09  Probe  
  77  7:14  Gateway  
  78  7:16  Gateway, Probe x2  
  78  7:18  Gateway  
  78  7:21  Probe  
  81  7:22  Adept, Pylon  
  81  7:23  Adept x2  
  81  7:26  Probe x2  
  93  7:37  Immortal (Chrono Boost)  
  93  7:42  Pylon  
  93  7:48  Pylon  
  93  7:49  Adept x2  
  95  7:57  Adept  
  95  8:16  Adept x2  
  85  8:23  Adept  
Show
View Real Time Build Order
Export as new Build Order

Zan Terran - Winner!

Build Orders: Reaper Expand, MMM Bio 

Get SALT Encoding   

  12  0:00  SCV  
  13  0:13  SCV  
  14  0:18  Supply Depot  
  14  0:25  SCV  
  15  0:39  SCV  
  15  0:41  Barracks  
  16  0:46  Refinery  
  16  0:51  SCV  
  17  1:03  SCV  
  18  1:15  SCV  
  19  1:27  Orbital Command  
  19  1:29  Reaper  
  20  1:40  Command Center  
  20  1:50  Supply Depot  
  20  1:54  SCV  
  21  2:02  Barracks Reactor  
  21  2:07  SCV  
  22  2:10  Barracks  
  22  2:13  Refinery  
  22  2:19  SCV  
  23  2:27  Factory  
  23  2:31  SCV  
  24  2:38  Marine x2  
  24  2:43  SCV  
  27  2:57  Marine  
  27  2:58  Marine, Barracks Tech Lab  
  29  3:01  SCV  
  30  3:12  Widow Mine  
  31  3:14  Starport, Orbital Command  
  31  3:17  SCV  
  31  3:18  Marine x2  
  35  3:20  Marine  
  35  3:25  Stimpack  
  36  3:30  SCV  
  36  3:33  Supply Depot  
  37  3:39  Marine x3  
  39  3:43  Widow Mine  
  41  3:49  SCV x2  
  41  3:52  Medivac  
  45  4:02  SCV x2  
  47  4:05  Supply Depot  
  47  4:11  Marine x3  
  47  4:12  Engineering Bay  
  47  4:15  Factory Reactor  
  47  4:17  SCV x2  
  52  4:32  SCV x2  
  52  4:33  Command Center  
  52  4:36  Marine x2  
  52  4:37  Marine  
  57  4:42  Supply Depot  
  57  4:48  SCV x2  
  59  4:58  Marine x3  
  62  5:03  Medivac x2  
  62  5:04  SCV x2  
  68  5:08  Supply Depot  
  65  5:16  SCV x2  
  65  5:17  Marauder, Widow Mine  
  65  5:21  Barracks  
  70  5:27  Refinery x2  
  70  5:28  Marine x2  
  70  5:32  Supply Depot  
  72  5:47  Marine, Marauder, Widow Mine  
  72  5:48  Orbital Command  
  77  5:50  Medivac x2  
  77  5:51  SCV  
  77  5:54  SCV  
  83  5:58  Terran Infantry Weapons Level 1  
  83  5:59  Combat Shields  
  83  6:04  Marine  
  83  6:06  Marine  
  83  6:08  Orbital Command  
  85  6:12  SCV x2  
  85  6:15  Barracks Tech Lab, Marauder  
  89  6:24  SCV x2  
  91  6:26  Marine  
  91  6:39  Marine, Marauder x2  
  91  6:43  SCV x3  
  91  6:44  Marine  
  92  6:47  Medivac x2  
  92  6:51  Barracks x2  
  96  6:57  Widow Mine  
  102  7:01  Supply Depot, Marine, Marauder x2  
  102  7:03  Supply Depot, SCV x3  
  102  7:05  Liberator x2  
  102  7:06  Supply Depot  
  106  7:16  Marine  
  106  7:21  Starport, SCV x2  
  109  7:23  Refinery, SCV  
  109  7:27  Supply Depot  
  109  7:29  Refinery  
  116  7:31  Widow Mine  
  116  7:36  SCV x2  
  120  7:41  Barracks Reactor, Barracks Tech Lab, Marauder x2  
  120  7:43  Marine x2  
  123  8:00  Marine, Marauder  
  123  8:01  Marine  
  123  8:02  Starport Tech Lab  
  123  8:03  Marauder x2  
  123  8:05  Barracks  
  131  8:06  Barracks  
  122  8:21  Marine x3  
Tags
 
Add a new tag
Caveats
  • Supply blocks, unpowered buildings, or Contaminate may cause inaccurate times.
  • Supply counts are checked every 10 seconds.